AoeStats
← Pay It Forward

Oasis

510261149Analyzed
4v4 RM · 2d ago on Sep 30, 2026· 30m 2s· 8 players
Game mode
Random Map
Map size
Large (8 player)
Population
200
Speed
Normal
Resources
Standard
Victory
Conquest
Starting age
Dark Age
Ending age
Imperial Age
RankedLock teamsTeams togetherTeam positionsShared explorationLock speedFull tech treeHidden civsTurbo modeCheats
Victory
Defeat
🇨🇦 Mongols · Canada
1081
+14
🇦🇺 Ethiopians · Australia
1064
+15
🇨🇳 Persians · China
1061
+15
🇨🇳 Magyars · China
1026
+17
🇺🇸 Mongols · United States
1106
-17
🇺🇸 Britons · United States
1033
-15
🇨🇳 Persians · China
1032
-15
1006
-14
Hungry Hippo
2:41 Loom
10:09 Feudal Age
17:30 Castle Age
16:05 Double-Bit Axe
16:10 Horse Collar
17:05 Fletching
17:32 Crossbowman
23:44 Bow Saw
28:20 Husbandry
29:52 Padded Archer Armor
DisWhey
9:17 Loom
11:30 Feudal Age
14:48 Horse Collar
19:08 Fletching
20:31 Arson
20:50 Padded Archer Armor
20:56 Double-Bit Axe
25:33 Castle Age
25:14 Scale Mail Armor
25:26 Gold Mining
26:34 Bow Saw
25:58 Crossbowman
27:17 Bodkin Arrow
28:17 Leather Archer Armor
29:25 Thumb Ring
vper1490
8:05 Loom
11:01 Feudal Age
11:23 Horse Collar
11:30 Double-Bit Axe
16:47 Wheelbarrow
20:50 Castle Age
19:24 Gold Mining
20:29 Bloodlines
20:26 Scale Barding Armor
21:42 Chain Barding Armor
22:12 Bow Saw
22:53 Husbandry
24:07 Forging
kiyohime
1:57 Loom
11:34 Feudal Age
12:54 Wheelbarrow
12:15 Double-Bit Axe
12:36 Horse Collar
14:27 Bloodlines
22:25 Castle Age
20:49 Scale Barding Armor
23:47 Hand Cart
23:00 Light Cavalry
23:40 Husbandry
24:04 Bow Saw
24:26 Heavy Plow
24:22 Gold Mining
25:53 Gold Shaft Mining
rugiero569
8:30 Feudal Age
8:15 Loom
10:57 Double-Bit Axe
13:57 Horse Collar
20:50 Castle Age
19:50 Fletching
20:01 Padded Archer Armor
20:20 Gold Mining
23:02 Husbandry
25:31 Bow Saw
25:52 Ballistics
26:09 Bodkin Arrow
26:30 Bloodlines
steffens-spieleadresse
7:25 Loom
10:11 Feudal Age
17:38 Castle Age
15:44 Scale Mail Armor
26:41 Pikeman
꧁༺乡 SC∆R 乡 ༻꧂
9:23 Loom
11:08 Feudal Age
13:02 Double-Bit Axe
12:58 Horse Collar
18:13 Castle Age
16:48 Gold Mining
17:58 Scale Barding Armor
18:55 Bloodlines
24:31 Stone Mining
26:56 Wheelbarrow
26:16 Town Watch
Pay It Forward
0:33 Loom
11:09 Feudal Age
16:20 Castle Age
14:34 Horse Collar
15:18 Double-Bit Axe
22:06 Kamandaran
22:50 Crossbowman
25:55 Bow Saw
27:11 Fletching
27:27 Scale Barding Armor
28:23 Thumb Ring
28:36 Bodkin Arrow
Connection lost

Rejoining the realm…

Still unreachable

The connection could not be restored.

Session expired

The server has moved on; the page needs a fresh start.